 Dungeon Crawl Stone Soup version 0.30-a0-851-gbd0d260d8e (webtiles) character file.

Game seed: 9493178488761045577

381 IndexError the Shooter (level 6, -3/39 HPs)
             Began as a Gargoyle Hunter on Mar 4, 2023.
             Killed by divine providence
             ... invoked by an orc priest
              (9 damage)
             ... on level 4 of the Dungeon.
             The game lasted 00:06:13 (2442 turns).

IndexError the Shooter (Gargoyle Hunter)            Turns: 2442, Time: 00:06:15

Health: -3/39      AC:  7    Str: 14    XL:     6   Next: 75%
Magic:  0/6        EV: 11    Int: 10    God:
Gold:   141        SH:  0    Dex: 15    Spells: 5/5 levels left

rFire   . . .      SeeInvis .    a - +0 shortbow
rCold   . . .      Faith    .    (shield currently unavailable)
rNeg    + . .      Spirit   +    c - +0 leather armour
rPois   ∞          Reflect  .    (no helmet)
rElec   +          Rampage  .    (no cloak)
rCorr   .                        (no gloves)
Will    .....                    (no boots)
Stlth   ++                       n - amulet of guardian spirit {Spirit}
HPRegen 0.26/turn                (no ring)
MPRegen 0.10/turn                (no ring)

@: no status effects
A: sickness immunity, AC +4, negative energy resistance 1, electricity
resistance, torment resistance 1, petrification resistance
a: no special abilities


You were on level 4 of the Dungeon.
You visited 1 branch of the dungeon, and saw 4 of its levels.

You collected 141 gold pieces.

Inventory:

Hand Weapons
 a - a +0 shortbow (weapon)
 b - a +2 spear of venom
   (You found it on level 1 of the Dungeon)
Armour
 c - a +0 leather armour (worn)
Jewellery
 g - an amulet of faith {Faith, !P}
   (You found it on level 1 of the Dungeon)
 n - an amulet of guardian spirit (around neck) {Spirit}
   (You found it on level 2 of the Dungeon)
Wands
 h - a wand of iceblast (11)
   (You found it on level 3 of the Dungeon)
 s - a wand of mindburst (11)
   (You found it on level 2 of the Dungeon)
 t - a wand of quicksilver (11)
   (You took it off an orc wizard on level 4 of the Dungeon)
Scrolls
 d - a scroll of enchant weapon {unknown}
 e - 2 scrolls of immolation {!r}
 i - 2 scrolls of magic mapping {unknown}
 j - 8 scrolls of identify {unknown}
 l - 2 scrolls of blinking {unknown}
 q - a scroll of amnesia {unknown}
Potions
 f - 2 potions of resistance {unknown}
 k - 2 potions of curing {unknown}
 m - a potion of invisibility {unknown}
 o - 2 potions of flight {unknown}
 p - 2 potions of ambrosia {unknown}
 r - 2 potions of heal wounds {unknown}
 u - a potion of brilliance {unknown}


   Skills:
 + Level 4.6 Fighting
 * Level 6.8 Ranged Weapons
 - Level 1.5 Dodging
 - Level 1.1 Stealth


You had 5 spell levels left.
You didn't know any spells.
Your spell library contained the following spells:

 Spells                   Type           Power      Damage    Failure   Level
 Sting                    Tmut/Pois      0%         1d3       43%         1
 Airstrike                Air            0%         2d(0-16)  99%         4
 Alistair's Intoxication  Tmut/Pois      0%         N/A       100%        5
 Storm Form               Tmut/Air       0%         N/A       100%        7


Dungeon Overview and Level Annotations

Branches:
Dungeon (4/15)
 Temple: D:4-7

Altars:
Sif Muna
Wu Jian
Zin

Shops:
D:3 *

Annotations:
D:3 2 transporters, frocskos's ghost, weakling NaVM


Innate Abilities, Weirdness & Mutations

You are immune to sickness and miasma.
Your stone body is resilient. (AC +4)
You are immune to poison.
You resist negative energy. (rN+)
You are resistant to electric shocks. (rElec)
You are resistant to unholy torment.
You are immune to petrification.


Message History

You shoot an arrow. The arrow barely misses the orc.
The orc barely misses you.
An orc priest comes into view. It is wielding a +0 flail.
A hobgoblin comes into view.
The orc hits you with a +0 whip.
You take 2 damage, and have 36/39 hp.
You shoot an arrow. The arrow barely misses the orc.
The orc priest shouts!
The arrow hits the adder.
The orc closely misses you.
You shoot an arrow. The arrow hits the orc.
The adder bites you but does no damage.
You shoot an arrow. The arrow hits the adder.
The adder barely misses you.
The orc priest hits you with a +0 flail.
You take 2 damage, and have 35/39 hp.
You shoot an arrow. The arrow completely misses the adder.
The arrow hits the hobgoblin.
The adder bites you but does no damage. The orc priest barely misses you.
The adder bites you.
You shoot an arrow. The arrow barely misses the adder.
The arrow hits the hobgoblin.
The adder closely misses you.
The orc priest hits you with a +0 flail.
You take 1 damage, and have 34/39 hp.
You shoot an arrow. The arrow misses the adder.
The arrow barely misses the hobgoblin.
The adder bites you but does no damage.
The orc priest miscasts a cantrip.
The adder closely misses you.
You shoot an arrow. The arrow misses the adder.
The arrow hits the hobgoblin.
The orc priest barely misses you. The adder bites you but does no damage.
The orc priest hits you with a +0 flail.
The adder misses you.
You take 3 damage, and have 31/39 hp.
You now have 4/6 mp.
You shoot an arrow. The arrow misses the adder.
The adder bites you. The orc priest closely misses you.
You take 2 damage, and have 29/39 hp.
You shoot an arrow. The arrow closely misses the adder.
The adder closely misses you.
The orc priest hits you but does no damage.
The adder bites you.
You take 1 damage, and have 28/39 hp.
You shoot an arrow. The arrow barely misses the adder.
The orc priest mumbles some strange prayers to Beogh against you.
Beogh smites you! The adder bites you.
You take 12 damage, and have 16/39 hp.
MASSIVE DAMAGE!!
You now have 2/6 mp.
You are too injured to fight recklessly!
Fire: a) +0 shortbow
Press: ? - help, Q - select action, (/) - cycle Shift-Dir - straight line, f/p - adder
Aim: an adder (heavily wounded, 48% to hit)
You shoot an arrow. The arrow barely misses the adder.
The adder misses you. The orc priest closely misses you.
The adder barely misses you.
Fire: a) +0 shortbow
Press: ? - help, Q - select action, (/) - cycle Shift-Dir - straight line, f/p - adder
Aim: an adder (heavily wounded, 48% to hit)
You shoot an arrow. The arrow completely misses the adder.
The orc priest looks satisfied for a moment.
The adder closely misses you.
The orc priest hits you with a +0 flail.
You take 5 damage, and have 12/39 hp.
Fire: a) +0 shortbow
Press: ? - help, Q - select action, (/) - cycle Shift-Dir - straight line, f/p - adder
Aim: an adder (heavily wounded, 48% to hit)
You shoot an arrow. The arrow closely misses the adder.
The adder bites you but does no damage.
The orc priest hits you with a +0 flail.
* * * LOW HITPOINT WARNING * * *
The adder closely misses you.
You take 4 damage, and have 8/39 hp.
You now have 1/6 mp.
Fire: a) +0 shortbow
Press: ? - help, Q - select action, (/) - cycle Shift-Dir - straight line, f/p - adder
Aim: an adder (heavily wounded, 48% to hit)
You shoot an arrow. The arrow hits the adder.
The adder barely misses you.
The orc priest hits you but does no damage.
Fire: a) +0 shortbow
Press: ? - help, Q - select action, (/) - cycle Shift-Dir - straight line, f/p - adder
Aim: an adder (almost dead, 48% to hit)
You shoot an arrow. The arrow hits the adder!
The orc priest hits you but does no damage.
Fire: a) +0 shortbow
Press: ? - help, Q - select action, (/) - cycle Shift-Dir - straight line, f - orc priest
Aim: an orc priest, wielding a +0 flail (64% to hit)
You shoot an arrow.
The arrow closely misses the orc priest.
The orc priest hits you with a +0 flail.
* * * LOW HITPOINT WARNING * * *
You take 1 damage, and have 8/39 hp.
Fire: a) +0 shortbow
Press: ? - help, Q - select action, (/) - cycle Shift-Dir - straight line, f/p - orc priest
Aim: an orc priest, wielding a +0 flail (64% to hit)
You shoot an arrow. The arrow hits the orc priest!
The orc priest hits you with a +0 flail.
* * * LOW HITPOINT WARNING * * *
You take 2 damage, and have 6/39 hp.
You now have 0/6 mp.
Fire: a) +0 shortbow
Press: ? - help, Q - select action, (/) - cycle Shift-Dir - straight line, f/p - orc priest
Aim: an orc priest, wielding a +0 flail (heavily wounded, 64% to hit)
You shoot an arrow.
The arrow hits the orc priest but does no damage.
The orc priest closely misses you.
The orc priest invokes the aid of Beogh against you.
Beogh smites you!
You die...

.....##.#....##.###.
#.# ##..#
#.##....#..##. #.#
#..##...##.##. #.#
##..##...#.##. ..#
##..###.#..##
##.....#..#
####.....#
.#.#####.#
......o@)#
##..###)## #!. ####


You could see an orc priest.

Vanquished Creatures
  A vampire bat (D:3)
  An orc priest (D:3)
  An iguana (D:4)
  Natasha (twice) (D:2)
  An orc wizard (D:4)
  5 adders
  A worm (D:3)
  3 dart slugs
  3 fire bats (D:3)
  7 orcs
  2 spectral bats (D:3)
  15 bats
  3 bat skeletons (D:3)
  A bat zombie (D:3)
  5 endoplasms
  4 giant cockroaches
  9 hobgoblins
  4 jackals
  2 quokkas (D:1)
  3 ball pythons
  A bat simulacrum (D:3)
  A frilled lizard (D:2)
  5 goblins
  7 kobolds
  3 rats
90 creatures vanquished.

Vanquished Creatures (others)
  6 plants (D:2)
6 creatures vanquished.

Grand Total: 96 creatures vanquished

Notes
Turn   | Place    | Note
-------+----------+-------------------------------------------
     0 | D:1      | IndexError the Gargoyle Hunter began the quest for the Orb.
     0 | D:1      | Reached XP level 1. HP: 12/12 MP: 1/1
    59 | D:1      | Reached XP level 2. HP: 14/18 MP: 2/2
   204 | D:1      | You fall into a shaft and drop 1 floor!
   528 | D:1      | Reached XP level 3. HP: 22/22 MP: 3/3
   590 | D:2      | Noticed Natasha
   595 | D:2      | Killed Natasha
   596 | D:2      | Reached skill level 3 in Fighting
   670 | D:2      | Reached skill level 5 in Ranged Weapons
   672 | D:2      | Got Xoc Uhay's Almanac of the Virous Lungs
   759 | D:2      | Reached XP level 4. HP: 28/28 MP: 4/4
   881 | D:2      | Found a shimmering blue altar of Sif Muna.
  1084 | D:2      | Noticed Natasha
  1092 | D:2      | Killed Natasha
  1244 | D:3      | Reached XP level 5. HP: 32/32 MP: 5/5
  1513 | D:3      | Found an ornate altar of the Wu Jian Council.
  1793 | D:3      | Reached skill level 4 in Fighting
  1793 | D:3      | Reached skill level 6 in Ranged Weapons
  1798 | D:3      | Reached XP level 6. HP: 38/38 MP: 6/6
  2018 | D:3      | Found a transporter.
  2019 | D:3      | Noticed frocskos's ghost (weakling NaVM)
  2020 | D:3      | Found a transporter.
  2055 | D:3      | Found Zin's Purification Station.
  2055 | D:3      | Found a glowing silver altar of Zin.
  2437 | D:4      | HP: 8/39 [orc priest/+0 flail (4)]
  2442 | D:4      | Killed from afar by an orc priest

Illustrated notes

Levels and vault maps discovered:
D:1:      minmay_arrival_diagonal_passages, layout_rooms
D:2:      cheibrodos_old_hovel, layout_loops_cross, basic_altar,
          minmay_tree_intersection, uniq_natasha
D:3:      layout_basic, nicolae_wu_jian_wuxing_cycle, zin_purify,
          gammafunk_ghost_smash, goddamned_bats
D:4:      minmay_evil_eye, layout_loops_ring,
          mainiacjoe_overflow_six_doors_small, tgw_kikubaaqudgha,
          pf_just_have_faith

Skill      XL: |  1  2  3  4  5 |
---------------+----------------+-----
Fighting       | 3 4 |  4.6
Ranged Weapons | 5 6 |  6.8
Dodging        | |  1.5
Stealth        | |  1.1

Action                     |  1- 3 |  4- 6 || total
---------------------------+-------+-------++-------
   Fire: Shortbow          |    68 |   202 ||   270
 Armour: Leather armour    |     6 |    98 ||   104
  Dodge: Dodged            |     6 |   140 ||   146

Table legend: (Time is in decaauts)
 A = Elapsed time spent in this place.
 B = Non-inter-level travel time spent in this place.
 C = Inter-level travel time spent in this place.
 D = Time resting spent in this place.
 E = Time spent auto-exploring this place.
 F = Levels seen in this place.
 G = Mean time per level.
                   A        B        C        D        E       F      G
               +--------+--------+--------+--------+--------+-----+--------+
         Total |   2515 |   2290 |    225 |      0 |   1821 |   4 |  628.8 |
       Dungeon |   2515 |   2290 |    225 |      0 |   1821 |   4 |  628.8 |
               +--------+--------+--------+--------+--------+-----+--------+

Top non-repeatable levels by time:
     D:3: 1034 daAuts
     D:2: 733 daAuts
     D:1: 591 daAuts
     D:4: 156 daAuts

Table legend:
 A = Kills in this place as a percentage of kills in the entire game.
 B = Kills by you in this place as a percentage of kills by you in the entire game.
 C = Kills by friends in this place as a percentage of kills by friends in the entire game.
 D = Other kills in this place as a percentage of other kills in the entire game.
 E = Experience gained in this place as a percentage of experience gained in the entire game.
 F = Experience gained in this place divided by the number of levels of this place that you have seen.
                   A       B       C       D       E      F
               +-------+-------+-------+-------+-------+----------------------
         Total | 100.0 | 100.0 |   N/A |   N/A | 100.0 | 136.2
       Dungeon | 100.0 | 100.0 |   N/A |   N/A | 100.0 | 136.2
               +-------+-------+-------+-------+-------+----------------------
